 Dungeon Crawl Stone Soup version 0.29.1-13-g9f3cf754e1 (webtiles) character file.

Game seed: 12008377622394452825

11 croobank the Sneak (level 2, -8/21 HPs)
             Began as an Octopode Delver on Jan 28, 2023.
             Mangled by Menkaure (13 damage)
             ... on level 4 of the Dungeon.
             The game lasted 00:01:54 (230 turns).

croobank the Sneak (Octopode Delver)                 Turns: 230, Time: 00:01:54

Health: -8/21      AC:  1    Str: 11    XL:     2   Next: 25%
Magic:  2/2        EV: 13    Int: 12    God:
Gold:   0          SH:  0    Dex: 13    Spells: 1/1 levels left

rFire   . . .      SeeInvis .   a - +0 hand axe
rCold   . . .      Faith    .   (no shield)
rNeg    . . .      Spirit   .   (helmet restricted)
rPois   .          Reflect  .   (no amulet)
rElec   .          Harm     .   (no ring)
rCorr   .          Rampage  .   (no ring)
Will    .....                   (no ring)
Stlth   ++++......              (no ring)
HPRegen 0.07/turn               (no ring)
MPRegen 0.08/turn               (no ring)
                                (no ring)
                                (no ring)

@: hasted, very quick
A: almost no armour, amphibious, 8 rings, camouflage 1, gelatinous body 1,
(nimble swimmer 1), tentacles
a: no special abilities


You were on level 4 of the Dungeon.
You visited 1 branch of the dungeon, and saw 3 of its levels.

Inventory:

Hand Weapons
 a - a +0 hand axe (weapon)
Wands
 f - a wand of digging (3)
Scrolls
 b - a scroll of fog
 c - a scroll of magic mapping
 g - a scroll of identify {unknown}
Potions
 h - a potion of heal wounds {unknown}


   Skills:
 + Level 3.1 Fighting
 + Level 2.2 Axes
 + Level 2.2 Dodging
 + Level 6.8 Stealth


You had one spell level left.
You didn't know any spells.
Your spell library was empty.

Dungeon Overview and Level Annotations

Branches:
Dungeon (6/15)
 Temple: D:4-7

Altars:

Annotations:
D:4 Menkaure


Innate Abilities, Weirdness & Mutations

You cannot wear most types of armour.
You are amphibious.
You can wear up to eight rings at the same time.
Your skin changes colour to match your surroundings (Stealth+).
Your rubbery body absorbs attacks. (AC +1, EV +1)
((You are camouflaged when in or above water. (Stealth+)))
You have tentacles for arms and can constrict up to eight enemies at once.


Message History

The orc wizard shouts!
You hear a shout!
As you read the scroll of fear, it crumbles to dust.
You assume a fearsome visage.
The orc wizard looks frightened!
The orc looks frightened! x2
The orc wizard gestures wildly while chanting.
The orc wizard flickers and vanishes!
Deactivating autopickup; reactivate with Ctrl-A.
There is a stone staircase leading up here.
You climb upwards.
Reactivating autopickup.
There is a stone staircase leading down here.
A hobgoblin and a ball python come into view.
The hobgoblin shouts!
The ball python hisses angrily.
You hit the hobgoblin. You grab the hobgoblin.
The hobgoblin is severely wounded.
You constrict the hobgoblin. The hobgoblin hits you.
You hit the hobgoblin.
You kill the hobgoblin!
You hit the ball python.
You kill the ball python!
Menkaure, Prince of Dust comes into view.
Menkaure shouts!
You feel yourself speed up.
You hit Menkaure. You grab Menkaure.
Menkaure is lightly damaged.
You constrict Menkaure. Menkaure misses you.
You hit Menkaure but do no damage. You squeeze Menkaure.
Menkaure is moderately damaged.
You constrict Menkaure, but do no damage.
You hit Menkaure but do no damage.
Menkaure is moderately damaged.
You constrict Menkaure, but do no damage.
Menkaure hits you!
Ouch! That really hurt!
* * * LOW HITPOINT WARNING * * *
You barely miss Menkaure.
Menkaure is moderately damaged.
You constrict Menkaure. Menkaure hits you!
Ouch! That really hurt!
You die...

###.#########.#####
#. #.....>..# #.
#....##..# ..
#.....#..#
#.....#..#
#...###..#
#........#
##.......#
#@####### #M# #.#
#.# ..# ###


You could see Menkaure.

Vanquished Creatures
  An adder (D:5)
  A hobgoblin (D:4)
  A ball python (D:4)
3 creatures vanquished.

Vanquished Creatures (others)
  6 plants (D:4)
6 creatures vanquished.

Grand Total: 9 creatures vanquished

Notes
Turn   | Place    | Note
-------+----------+-------------------------------------------
     0 | D:5      | croobank the Octopode Delver began the quest for the Orb.
     0 | D:5      | Reached XP level 1. HP: 16/16 MP: 1/1
   152 | D:5      | Noticed an orc wizard
   193 | D:4      | Noticed a necrophage
   206 | D:5      | Reached XP level 2. HP: 17/21 MP: 2/2
   221 | D:4      | Noticed Menkaure
   230 | D:4      | Mangled by Menkaure

Illustrated notes

Levels and vault maps discovered:
D:4:      layout_loops_cross, chequers_temple_overflow_minitemple, serial_bayou,
          serial_bayou_pond_b, serial_bayou_ford_a, serial_bayou_lake_a,
          serial_bayou_lagoon_a, serial_bayou_pond_c, serial_bayou_pond_e,
          uniq_pikel, uniq_pargi, uniq_menkaure
D:5:      layout_loops_ring, mainiacjoe_overflow_surrounded_room,
          tso_metal_star, gammafunk_ghost_cemetery, uniq_ijyb,
          uniq_blork_the_orc
D:6:      layout_loops_corners, minmay_temple_entry_antechambers, serial_rivers,
          chequers_serial_rivers_small_b, chequers_serial_rivers_micro_e,
          chequers_serial_rivers_micro_a, chequers_serial_rivers_small_b,
          uniq_eustachio

Action                   || total
-------------------------++-------
Melee: Hand axe          ||     9
       Tentacles         ||     3
       Constrict         ||     3
  Use: Scroll            ||     1
       Potion            ||     1
Dodge: Dodged            ||     3
